 Dungeon Crawl Stone Soup version 0.20.1-1-g8b1a95d (console) character file.

2013 hilaritas the Cleaver (level 9, -1/69 HPs)
             Began as a Formicid Fighter on Nov 19, 2017.
             Was a Priest of the Shining One.
             Slain by a two-headed ogre
             ... wielding a +0 great mace
              (11 damage)
             ... on level 5 of the Dungeon.
             The game lasted 00:13:06 (5756 turns).

hilaritas the Cleaver (Formicid Fighter)            Turns: 5756, Time: 00:13:07

Health: -1/69      AC:  9    Str: 25    XL:     9   Next: 46%
Magic:  10/12      EV:  7    Int:  7    God:    the Shining One [***...]
Gold:   263        SH: 20    Dex: 13    Spells: 8/8 levels left

rFire    . . .     SeeInvis +   a - +1 war axe
rCold    . . .     Gourm    .   c - +1 shield
rNeg     + . .     Faith    .   A - +0 chain mail
rPois    .         Spirit   .   (helmet unavailable)
rElec    .         Reflect  .   (no cloak)
rCorr    .         Harm     .   (no gloves)
MR       +....                  (no boots)
Stlth    ..........             (no amulet)
Regen    0.3/turn               e - ring of protection from magic
MPRegen  0.2/turn               b - +3 ring of dexterity

@: divine shield, glowing
A: permanent stasis, dig shafts and tunnels, four strong arms, antennae 3
a: Dig, Shaft Self, Divine Shield, Renounce Religion


You were on level 5 of the Dungeon.
You worshipped the Shining One.
The Shining One was most pleased with you.
You were not hungry.

You visited 1 branch of the dungeon, and saw 5 of its levels.
You also visited: Sewer and Ossuary.

You collected 263 gold pieces.

Inventory:

Hand Weapons
 a - a +1 war axe (weapon)
 s - a +0 hand axe
 t - a +0 flail of protection
Armour
 c - a +1 shield (worn)
 A - a +0 chain mail (worn)
Jewellery
 b - a +3 ring of dexterity (right hand)
 e - a ring of protection from magic (left hand)
 u - an uncursed ring of resist corrosion
 H - a +3 ring of dexterity
Wands
 n - a wand of disintegration (13/24)
 E - a wand of enslavement (12/24)
 F - a wand of acid (8/15)
Scrolls
 o - 2 scrolls of remove curse
 p - 4 scrolls of enchant weapon
 v - 2 scrolls of fog
 w - 3 scrolls of identify
 y - 2 scrolls of magic mapping
 B - 2 scrolls of fear
 D - a scroll of enchant armour
Potions
 d - 3 potions of might
 g - 2 potions of brilliance {unknown}
 h - a potion of invisibility
 i - 3 potions of mutation {unknown}
 j - a potion of flight {unknown}
 l - a potion of agility {unknown}
 m - 5 potions of heal wounds {unknown}
 q - 2 potions of lignification {unknown}
 z - 2 potions of magic {unknown}
 C - 6 potions of curing
 I - 2 potions of haste {unknown}
Comestibles
 f - 8 bread rations
 k - 2 chunks of flesh
 r - 2 meat rations
 x - a royal jelly


   Skills:
 + Level 5.9 Fighting
 * Level 9.1 Axes
 - Level 3.2 Armour
 + Level 6.6 Shields
 * Level 4.9 Invocations


You had 8 spell levels left.
You didn't know any spells.

Dungeon Overview and Level Annotations

Branches:
Dungeon (5/15)
 Temple: D:4-7

Altars:
Hepliaklqana
Ru
Yredelemnul
The Shining One

Shops:
D:5 =


Innate Abilities, Weirdness & Mutations

You cannot be hasted, slowed, berserked, paralysed or teleported.
You can dig through walls and to a lower floor.
Your four strong arms can wield two-handed weapons with a shield.
You have a pair of large antennae on your head. (SInv)


Message History

The Shining One accepts your kill.
You hit the two-headed ogre.
The two-headed ogre is lightly wounded.
The two-headed ogre closely misses you. You block the two-headed ogre's attack.
You slash the two-headed ogre!
The two-headed ogre is lightly wounded.
The two-headed ogre hits you with a great mace!!
The two-headed ogre hits you with a giant spiked club!
You slash the two-headed ogre!
The two-headed ogre is heavily wounded.
Your shield and chain mail prevent you from hitting the two-headed ogre.
The two-headed ogre is heavily wounded.
The two-headed ogre hits you with a great mace.
The two-headed ogre hits you with a giant spiked club!
* * * LOW HITPOINT WARNING * * *
You slash the two-headed ogre!
The two-headed ogre is heavily wounded.
You block the two-headed ogre's attack.
The two-headed ogre hits you with a giant spiked club!
You die...

*,* *,,,.?######## ******
*,*******#.##.....# *,,,,*
*,,,######.##.###.# ***,****
#.*......^....#.... *,,,*
#.*.+#######+.#.#.. *,***
**#.*.#...#...#...#.. *,*
*,..#.#...#...#.###.#
*,*####*,,..##.......#...#.#
*,,.....,*#.####._.####.##.#
****,,......##.##.......##.##.#
*,,,,,..<..5ZO@.#...#...#.....#
*,**,,......##..#...#..)#...###
*,**,,.....,*#..'#######'......
*,,,,,....,,*#.....#*#.....####
****,,.Z.,,,*######...###### *
*,,..,,,,* #.#.# ****
*,,.,,,,,* #,*,# *,,,
*,,,,,,,,* *,*,* *,**
********** *,*,******,**
*,*,,,,,,,,,, *,*,,,,,,,<,,


You could see a two-headed ogre, a shadow imp and a quokka skeleton.

Vanquished Creatures
  A hippogriff (D:3)
  Sigmund (D:2)
  Duvessa (D:4)
  A sky beast (D:3)
  A hornet zombie (D:5)
  10 scorpions (Ossuary)
  Dowan (D:4)
  2 centaur zombies (Ossuary)
  2 human zombies (Ossuary)
  An orc priest (D:3)
  A centaur skeleton (D:4)
  2 hounds (D:3)
  3 orc wizards
  4 iguanas
  Ijyb (D:4)
  Natasha (thrice) (D:4)
  A hound skeleton (D:4)
  2 mummies (Ossuary)
  4 scorpion zombies (Ossuary)
  10 adders
  5 gnolls
  8 river rats
  A shadow imp (D:3)
  An adder skeleton (D:5)
  7 worms
  2 dart slugs
  3 leopard geckos (D:3)
  10 orcs
  A ball python (D:3)
  6 bats
  6 giant cockroaches
  5 goblins
  8 hobgoblins
  7 jackals (D:2)
  3 kobolds
  11 frilled lizards
  2 gnoll zombies (Ossuary)
  3 hobgoblin zombies (Ossuary)
  3 kobold zombies (Ossuary)
  An orc zombie (Ossuary)
  18 rats
  2 rat zombies (D:5)
165 creatures vanquished.

Vanquished Creatures (others)
  A mummy (Ossuary)
  A hobgoblin zombie (Ossuary)
2 creatures vanquished.

Grand Total: 167 creatures vanquished

Notes
Turn   | Place    | Note
-------+----------+-------------------------------------------
     0 | D:1      | hilaritas the Formicid Fighter began the quest for the Orb.
     0 | D:1      | Reached XP level 1. HP: 18/18 MP: 1/1
   316 | D:1      | Reached XP level 2. HP: 24/24 MP: 2/2
  1273 | D:2      | Reached XP level 3. HP: 21/30 MP: 3/3
  1515 | D:2      | Found a glowing golden altar of the Shining One.
  1519 | D:2      | Became a worshipper of the Shining One
  1983 | D:2      | Reached XP level 4. HP: 25/37 MP: 4/4
  2183 | D:2      | Reached skill level 3 in Axes
  2428 | D:2      | Noticed Sigmund
  2460 | D:2      | Killed Sigmund
  2460 | D:2      | Reached skill level 4 in Axes
  2460 | D:2      | Reached skill level 1 in Invocations
  2460 | D:2      | Reached XP level 5. HP: 23/42 MP: 4/6
  2460 | D:2      | Reached XP level 6. HP: 27/48 MP: 4/7
  2643 | D:2      | Reached skill level 5 in Axes
  3006 | D:3      | Reached XP level 7. HP: 29/54 MP: 8/8
  3106 | D:3      | Found a basalt altar of Yredelemnul.
  3106 | D:3      | Found a hazy altar of Hepliaklqana.
  3119 | D:3      | Noticed a hippogriff
  3128 | D:3      | Killed a hippogriff
  3128 | D:3      | Reached skill level 6 in Axes
  3241 | D:3      | Reached skill level 5 in Shields
  3244 | D:3      | Reached XP level 8. HP: 49/61 MP: 10/10
  3319 | D:3      | Found a glowing drain.
  3351 | Sewer    | Entered a sewer
  3394 | Sewer    | Reached skill level 7 in Axes
  4080 | D:4      | Noticed Ijyb
  4092 | D:4      | Killed Ijyb
  4212 | D:4      | Noticed Duvessa
  4212 | D:4      | Noticed Dowan
  4225 | D:4      | Killed Dowan
  4228 | D:4      | Killed Duvessa
  4357 | D:4      | Noticed Natasha
  4357 | D:4      | Reached * piety under the Shining One
  4360 | D:4      | Killed Natasha
  4470 | D:4      | Reached skill level 8 in Axes
  4567 | D:4      | Noticed Natasha
  4572 | D:4      | Killed Natasha
  4738 | D:4      | Noticed Natasha
  4743 | D:4      | Killed Natasha
  4800 | D:5      | Entered Level 5 of the Dungeon
  4861 | D:5      | Found a sand-covered staircase.
  4868 | Ossuary  | Entered an ossuary
  4892 | Ossuary  | Reached skill level 5 in Fighting
  5081 | Ossuary  | Reached XP level 9. HP: 56/68 MP: 12/12
  5090 | Ossuary  | Reached ** piety under the Shining One
  5447 | Ossuary  | Reached skill level 9 in Axes
  5573 | Ossuary  | Reached *** piety under the Shining One
  5666 | D:5      | Found Mecuohui's Jewellery Shoppe.
  5699 | D:5      | Found a sacrificial altar of Ru.
  5742 | D:5      | Noticed a two-headed ogre
  5756 | D:5      | Slain by a two-headed ogre

Skill      XL: |  1  2  3  4  5  6  7  8  9 |
---------------+----------------------------+-----
Shields        | 4 5 6 |  6.6
Axes           | 4 5 6 8 9 |  9.1
Fighting       | 4 5 |  5.9
Invocations    | 1 2 3 4 |  4.9
Armour         | |  3.2

Action                   |  1- 3 |  4- 6 |  7- 9 || total
-------------------------+-------+-------+-------++-------
Melee: War axe           |    97 |    93 |   237 ||   427
       Mace              |       |       |   139 ||   139
Invok: Divine Shield     |       |       |     1 ||     1
  Use: Potion            |       |       |     1 ||     1
       Scroll            |       |       |    11 ||    11
  Eat: Chunk             |     3 |     3 |     8 ||    14
       Fruit             |       |       |     3 ||     3
Armor: Scale mail        |    40 |    17 |       ||    57
       Chain mail        |       |    10 |   114 ||   124
Dodge: Dodged            |    27 |    32 |    64 ||   123
Block: Shield            |    51 |    46 |   193 ||   290
